 Dungeon Crawl Stone Soup version 0.16-a0-3909-g31f9ca0 (console) character file.

5935 Monkaria the Cleaver (level 10, -3/79 HPs)
             Began as a Hill Orc Fighter on Feb 3, 2015.
             Was a Believer of Makhleb.
             Killed by divine providence
             ... invoked by an orc priest
              (16 damage)
             ... on level 10 of the Dungeon.
             The game lasted 00:19:23 (10074 turns).

Monkaria the Cleaver (Hill Orc Fighter)            Turns: 10074, Time: 00:19:24

Health: -3/79      AC: 14    Str: 21    XL:     10   Next: 83%
Magic:  11/11      EV: 11    Int: 10    God:    Makhleb [**....]
Gold:   293        SH:  9    Dex: 10    Spells: 0 memorised, 9 levels left

rFire  + . .     SeeInvis +     x - +0 broad axe
rCold  . . .     Clarity  +     b - +0 scale mail
rNeg   . . .     SustAb   .     c - +0 shield
rPois  +         Gourm    .     (no helmet)
rElec  .         Spirit   .     a - +3 cloak of Flash {+Fly EV+4}
rCorr  .         Warding  .     (no gloves)
rMut   .         Stasis   .     A - +0 pair of boots of Context {MR+}
MR     +....                    (no amulet)
Stlth  ..........               (no ring)
                                (no ring)

@: somewhat resistant to hostile enchantments, extremely unstealthy
A: see invisible, berserk 1, clarity, clever 1, fire resistance 1, frail 1, high
mp 1, poison resistance, screaming 1, weak 1, evolution 1
a: Minor Destruction, Renounce Religion, Convert to Beogh, Evoke Flight


You were on level 10 of the Dungeon.
You worshipped Makhleb.
Makhleb was pleased with you.
You were near starving.

You visited 2 branches of the dungeon, and saw 11 of its levels.

You collected 643 gold pieces.
You spent 350 gold pieces at shops.

Inventory:

Hand weapons
 u - the +6 blowgun "Death Rattle" {evade, +Inv rF- MR+ MP+9 Str+2}
   (You found it on level 9 of the Dungeon)

   It affects your evasion (+5 to EV).
   It affects your strength (+2).
   It makes you vulnerable to fire.
   It affects your resistance to hostile enchantments.
   It affects your magic capacity (+9).
   It lets you turn invisible.
 x - a +0 broad axe (weapon)
Missiles
 q - 42 poisoned needles
Armour
 a - the +3 cloak of Flash (worn) {+Fly EV+4}
   (You found it on level 10 of the Dungeon)

   It affects your evasion (+4).
   It lets you fly.
 b - a +0 scale mail (worn)
 c - a +0 shield (worn)
 A - the +0 pair of boots of Context (worn) {MR+}
   (You found it on level 4 of the Dungeon)

   It affects your resistance to hostile enchantments.
Magical devices
 k - a wand of slowing (0)
 K - a wand of slowing (33)
Scrolls
 e - a scroll of acquirement
 f - 2 scrolls of amnesia
 g - a scroll of magic mapping
 r - 5 scrolls of remove curse
 t - a scroll of teleportation
 v - 2 scrolls of fog
 w - 3 scrolls of fear
 y - a scroll of enchant armour
 B - 2 scrolls of recharging
 C - a scroll of immolation
 D - 2 scrolls of enchant weapon
 E - 6 scrolls of noise
Potions
 h - 4 potions of curing
 o - a potion of haste
 s - a potion of resistance
 F - a potion of magic
 G - a potion of restore abilities
Books
 l - a book of Dreams

   Spells                             Type                      Level
   a - Ensorcelled Hibernation        Hexes/Ice                    2
   b - Flight                         Charms/Air                   3
   c - Phase Shift                    Translocation                5
   d - Shadow Creatures               Summoning                    5
   e - Mass Confusion                 Hexes                        6
   f - Darkness                       Hexes                        7
 m - a book of Air

   Spells                             Type                      Level
   a - Shock                          Conjuration/Air              1
   b - Swiftness                      Charms/Air                   2
   c - Repel Missiles                 Charms/Air                   2
   d - Flight                         Charms/Air                   3
   e - Static Discharge               Conjuration/Air              3
   f - Lightning Bolt                 Conjuration/Air              5
 p - a book of Battle

   Spells                             Type                      Level
   a - Infusion                       Charms                       1
   b - Shroud of Golubria             Charms/Translocation         2
   c - Song of Slaying                Charms                       2
   d - Spectral Weapon                Hexes/Charms                 3
   e - Regeneration                   Charms/Necromancy            3
 H - a book of Callings

   Spells                             Type                      Level
   a - Summon Small Mammal            Summoning                    1
   b - Call Imp                       Summoning                    2
   c - Call Canine Familiar           Summoning                    3
   d - Summon Guardian Golem          Hexes/Summoning              4
   e - Summon Lightning Spire         Summoning/Air                4
   f - Summon Ice Beast               Ice/Summoning                4
Comestibles
 d - 2 meat rations
 i - a beef jerky
 j - 10 bread rations
 n - a slice of pizza
 z - 3 fruits


   Skills:
 - Level 8.1 Fighting
 + Level 14.9 Axes
 - Level 10.0 Armour
 - Level 3.2 Shields


You had 9 spell levels left.
You didn't know any spells.

Dungeon Overview and Level Annotations

Branches:
Dungeon (10/15)            Temple (1/1) D:7             Orc (0/4) D:9
   Lair: D:8-11

Altars:
Cheibriados
Dithmenos
Elyvilon
Fedhas
Gozag
Kikubaaqudgha
Makhleb
Nemelex Xobeh
Okawaru
Qazlal
Ru
Sif Muna
Trog
Vehumet
Xom
Yredelemnul
Zin
The Shining One

Shops:
D:7 *   D:9 *

Annotations:
D:6 2 runed door


Innate Abilities, Weirdness & Mutations

You have supernaturally acute eyesight.
You tend to lose your temper in combat.
You possess an exceptional clarity of mind.
Your mind is acute. (Int +2)
Your flesh is heat resistant.
You are frail (-10% HP).
You have an increased reservoir of magic (+10% MP).
Your system is resistant to poisons.
You occasionally shout uncontrollably at your foes.
You are weak. (Str -2)
You evolve.


Message History

You hit the orc priest.
The orc priest is severely wounded.
The orc priest hits you but does no damage.
You slash the orc priest!
You kill the orc priest!
Makhleb accepts your kill.
You feel a little better.
You hit the orc priest but do no damage.
The orc priest barely misses you.
Your scale mail prevents you from hitting the orc priest.
The orc priest looks braver.
You closely miss the orc priest.
The orc priest mumbles some strange prayers to Beogh against you.
Pain shoots through your body!
* * * LOW HITPOINT WARNING * * *
You closely miss the orc priest.
The orc priest shouts, "Join the one true god or die!"
The orc priest invokes the aid of Beogh against you.
Something smites you!
You die...

..............
####..####### #..# #..#
#..# #..# ####..#
".....#################..
................@o.......
.##################..###.
.# # .# .# .# .# .# .


You could see an orc priest.

Vanquished Creatures
  The ghost of Herrn the Conjurer, an experienced NaWz of Cheibriados (D:5)
  A two-headed ogre (D:9)
  2 deep elf magi (D:9)
  4 yaks (D:9)
  A vampire mosquito (D:8)
  A hippogriff (D:7)
  4 orc warriors
  A sky beast (D:7)
  4 phantoms
  3 ogres
  A wasp (D:8)
  3 ice beasts
  2 centaurs
  A necrophage (D:8)
  3 eyes of draining
  Sigmund (D:5)
  2 big kobolds
  3 giant frogs
  A gnoll sergeant (D:8)
  A scorpion (D:6)
  3 killer bees (D:9)
  3 wights (D:10)
  A centaur zombie (D:8)
  3 crimson imps
  A giant frog zombie (D:7)
  5 hounds
  5 jellies
  3 orc priests
  A gnoll shaman (D:5)
  A centaur skeleton (D:7)
  A giant frog skeleton (D:6)
  8 worker ants
  7 orc wizards
  2 iguanas
  Ijyb (D:5)
  8 adders
  15 gnolls
  3 worms
  2 adder zombies
  3 oozes
  5 giant geckos
  33 orcs
  A bat zombie (D:5)
  3 giant cockroaches
  12 goblins
  12 hobgoblins
  8 jackals (D:1)
  18 kobolds
  3 quokkas
  A sheep (D:6)
  A ball python (D:4)
  9 bats
  A giant gecko skeleton (D:5)
  3 giant newts
  A quokka zombie (D:8)
  8 rats
235 creatures vanquished.

Notes
Turn   | Place    | Note
--------------------------------------------------------------
     0 | D:1      | Monkaria, the Hill Orc Fighter, began the quest for the Orb.
     0 | D:1      | Reached XP level 1. HP: 19/19 MP: 1/1
   173 | D:1      | Reached XP level 2. HP: 20/27 MP: 2/2
   270 | D:1      | You fall through a shaft!
   275 | D:2      | Reached skill level 4 in Axes
   275 | D:2      | Reached XP level 3. HP: 26/33 MP: 3/3
   360 | D:2      | Found a radiant altar of Vehumet.
   485 | D:2      | Found a sparkling altar of Nemelex Xobeh.
   535 | D:2      | Reached skill level 5 in Axes
   609 | D:2      | Reached XP level 4. HP: 19/40 MP: 4/4
  1797 | D:4      | Reached skill level 6 in Axes
  1846 | D:4      | Found a snail-covered altar of Cheibriados.
  1870 | D:4      | Reached XP level 5. HP: 17/46 MP: 5/5
  2236 | D:4      | Reached skill level 7 in Axes
  2452 | D:4      | Got a pair of heavily runed boots
  2458 | D:4      | Identified the +0 pair of boots of Context {MR+} (You found it on level 4 of the Dungeon)
  2709 | D:4      | Noticed a phantom
  2734 | D:4      | Killed a phantom
  2734 | D:4      | Reached skill level 8 in Axes
  2734 | D:4      | Reached XP level 6. HP: 24/52 MP: 6/6
  2774 | D:5      | Entered Level 5 of the Dungeon
  2807 | D:5      | Reached skill level 9 in Axes
  2853 | D:5      | Reached XP level 7. HP: 37/59 MP: 7/7
  3088 | D:5      | Reached skill level 10 in Axes
  3136 | D:5      | Noticed Herrn's ghost (experienced NaWz)
  3171 | D:5      | Gained mutation: Your flesh is heat resistant. [potion of mutation]
  3171 | D:5      | Gained mutation: You have supernaturally acute eyesight. [potion of mutation]
  3171 | D:5      | Gained mutation: You are frail (-10% HP). [potion of mutation]
  3744 | D:5      | Killed Herrn's ghost
  3744 | D:5      | Reached skill level 12 in Axes
  3744 | D:5      | Reached XP level 8. HP: 7/59 MP: 8/8
  3941 | D:5      | Noticed Sigmund
  3959 | D:5      | Killed Sigmund
  4166 | D:5      | Found a bloodstained altar of Trog.
  4166 | D:5      | Noticed Ijyb
  4173 | D:5      | Killed Ijyb
  4177 | D:5      | Reached skill level 13 in Axes
  4387 | D:5      | Found a basalt altar of Yredelemnul.
  4576 | D:6      | Reached XP level 9. HP: 25/63 MP: 9/9
  4585 | D:6      | Gained mutation: You evolve. [potion of mutation]
  4585 | D:6      | Gained mutation: Your mind is acute. (Int +2) [potion of mutation]
  4585 | D:6      | Gained mutation: You tend to lose your temper in combat. [potion of mutation]
  4606 | D:6      | Reached skill level 14 in Axes
  4839 | D:6      | Gained mutation: You occasionally shout uncontrollably at your foes. [potion of mutation]
  4839 | D:6      | Gained mutation: Your system is resistant to poisons. [potion of mutation]
  4839 | D:6      | Gained mutation: You possess an exceptional clarity of mind. [potion of mutation]
  5031 | D:6      | Found a runed door.
  5039 | D:6      | Found a runed door.
  5040 | D:6      | Found a runed door.
  5050 | D:6      | Found a runed door.
  5154 | D:6      | Found a runed door.
  5224 | D:6      | Found a runed door.
  5230 | D:6      | Found a shimmering altar of Xom.
  5414 | D:7      | Reached skill level 5 in Fighting
  5515 | D:7      | Found Struuh's Assorted Antiques.
  5522 | D:7      | Bought a scroll labeled REIN PNEGRI for 25 gold pieces
  6054 | D:7      | Found a staircase to the Ecumenical Temple.
  6200 | D:7      | Found a deep blue altar of Sif Muna.
  6200 | D:7      | Found a blossoming altar of Fedhas.
  6250 | D:8      | Found a shadowy altar of Dithmenos.
  6288 | D:8      | Reached skill level 5 in Armour
  6297 | D:8      | Reached XP level 10. HP: 52/79 MP: 10/10
  6449 | Temple   | Entered the Ecumenical Temple
  6725 | Temple   | Became a worshipper of Makhleb the Destroyer
  7198 | D:8      | Noticed a deep elf knight
  7199 | D:8      | Identified a scroll of acquirement
  7263 | D:8      | Gained mutation: You have an increased reservoir of magic (+10% MP). [evolution]
  8184 | D:9      | Found Ahadiuz's Assorted Antiques.
  8188 | D:9      | Bought a potion of mutation for 77 gold pieces
  8188 | D:9      | Bought a potion of heal wounds for 155 gold pieces
  8188 | D:9      | Bought a potion of curing for 93 gold pieces
  8189 | D:9      | Gained mutation: You are weak. (Str -2) [potion of mutation]
  8321 | D:9      | Found a white marble altar of Elyvilon.
  8321 | D:9      | Found a glowing silver altar of Zin.
  8321 | D:9      | Found a glowing golden altar of the Shining One.
  8379 | D:9      | Acquired Makhleb's first power
  8680 | D:9      | Got an ichor-stained blowgun
  8681 | D:9      | Identified the +6 blowgun "Death Rattle" {evade, +Inv rF- MR+ MP+9 Str+2} (You found it on level 9 of the Dungeon)
  8835 | D:9      | Found a staircase to the Orcish Mines.
  9619 | D:9      | Reached skill level 10 in Armour
  9966 | D:10     | Entered Level 10 of the Dungeon
 10050 | D:10     | Acquired Makhleb's second power
 10074 | D:10     | Killed from afar by an orc priest

Action                   |  1- 3 |  4- 6 |  7- 9 | 10-12 || total
-------------------------+-------+-------+-------+-------++-------
Melee: War axe           |    97 |   200 |   307 |       ||   604
       Broad axe         |       |       |    54 |   263 ||   317
  Use: Scroll            |       |       |    11 |     8 ||    19
       Potion            |       |       |     9 |     2 ||    11
  Eat: Chunk             |       |     7 |    10 |    10 ||    27
       Beef jerky        |       |       |     1 |       ||     1
